 Dungeon Crawl Stone Soup version 0.27.1 (webtiles) character file.

Game seed: 10026701774550778767

228 Thatpatchoflichen the Chiller (level 5, -1/41 HPs)
             Began as a Draconian Ice Elementalist on Aug 21, 2021.
             Killed by nerve-wracking pain
             ... invoked by an orc priest
              (8 damage)
             ... on level 3 of the Dungeon.
             The game lasted 00:12:22 (3380 turns).

Thatpatchoflichen the Chiller (DrIE)                Turns: 3380, Time: 00:12:24

Health: -1/41      AC: 11    Str: 11    XL:     5   Next: 71%
Magic:  2/8        EV: 12    Int: 16    God:
Gold:   79         SH:  0    Dex: 11    Spells: 2/9 levels left

rFire    . . .     SeeInvis .   s - +0 flail (drain)
rCold    . . .     Faith    .   (no shield)
rNeg     . . .     Spirit   .   (armour unavailable)
rPois    .         Reflect  .   (helmet restricted)
rElec    .         Harm     .   (no cloak)
rCorr    .         Rampage  .   (no gloves)
Will     .....                  (no boots)
Stlth    ++........             (no amulet)
HPRegen  0.13/turn              a - ring of wizardry
MPRegen  0.11/turn              (no ring)

@: ice-armoured, freezing walls
A: AC +5, unfitting armour, cold-blooded
a: no special abilities


You were on level 3 of the Dungeon.
You visited 1 branch of the dungeon, and saw 3 of its levels.

You collected 79 gold pieces.

Inventory:

Hand Weapons
 o - a +1 falchion of electrocution
 s - a +0 flail of draining (weapon)
Missiles
 h - 59 arrows
 n - 28 stones
 r - a throwing net
Jewellery
 a - a ring of wizardry (left hand)
Wands
 e - a wand of flame (21)
Scrolls
 b - 2 scrolls of teleportation {unknown}
 c - a scroll of blinking {unknown}
 d - a scroll of amnesia {unknown}
 i - a scroll of identify {unknown}
 k - a scroll of magic mapping {unknown}
Potions
 f - a potion of mutation {unknown}
 g - a potion of heal wounds {unknown}
 j - 2 potions of resistance {unknown}
 l - a potion of might {unknown}
 m - a potion of lignification {unknown}
 p - a potion of brilliance {unknown}
 q - 2 potions of flight {unknown}


   Skills:
 + Level 1.7 Fighting
 + Level 3.4 Dodging
 - Level 1.7 Stealth
 + Level 2.5 Spellcasting
 * Level 5.5 Ice Magic


You had 2 spell levels left.
You knew the following spells:

 Your Spells              Type           Power      Damage    Failure   Level
a - Freeze                Ice            76%        1d9       1%          1
b - Frozen Ramparts       Ice            38%        1d5       2%          3
c - Ozocubu's Armour      Ice            19%        N/A       2%          3

Your spell library contained the following spells:

 Spells                   Type           Power      Damage    Failure   Level
 Hailstorm                Conj/Ice       10%        3d5       24%         4
 Ice Form                 Ice/Tmut       10%        N/A       24%         4
 Simulacrum               Ice/Necr       5%         N/A       97%         6


Dungeon Overview and Level Annotations

Branches:
Dungeon (3/15)

Altars:

Shops:
D:2 =


Innate Abilities, Weirdness & Mutations

Your plain brown scales are hard. (AC +5)
You cannot fit into any form of body armour.
You are cold-blooded and may be slowed by cold attacks.


Message History

The orc shouts!
The orc hits you with a +1 falchion of electrocution.
You are electrocuted!
You hit the orc but do no damage. You drain the orc.
The orc is moderately wounded.
The orc misses you.
You sock the orc!
You kill the orc!
Things that are here:
a +1 falchion of electrocution; an orc corpse
o - a +1 falchion of electrocution You start resting.
A jackal comes into view.
A jackal is nearby!
An orc priest comes into view. It is wielding a +0 falchion.
The orc priest shouts!
You hear a shout!
A worm comes into view.
The orc priest mumbles some strange prayers to Beogh against you.
Beogh smites you!
* * * LOW HITPOINT WARNING * * *
The worm moves out of view.
You start resting.
An orc priest is nearby!
A kobold brigand comes into view.
It is wielding a +0 short sword and quivering curare-tipped darts.
The kobold brigand shouts!
You hear a shout!
Casting: Freeze (safe; 1% risk of failure)
Confirm with . or Enter, or press ? or * to list all spells.
A film of ice covers your body!
The jackal barks!
You hear a shout!
The orc priest hits you with a +0 falchion.
* * * LOW HITPOINT WARNING * * *
Casting: Ozocubu's Armour (dangerous; 2% risk of failure)
Confirm with . or Enter, or press ? or * to list all spells.
Casting: Frozen Ramparts (dangerous; 2% risk of failure)
Press: ? - help, Dir - look around, f - activate The walls around you are covered in ice.
The wall freezes the orc priest.
The orc priest mumbles some strange prayers to Beogh against you.
Pain shoots through your body!
You die...

.......K............#og.#≈≈.
≈≈≈≈....≈≈≈≈≈≈≈≈≈≈≈≈#####≈≈.
≈≈≈≈....≈≈≈≈≈≈≈≈≈≈≈≈≈≈≈≈≈≈≈.
≈≈≈≈....≈≈≈≈≈≈≈≈≈≈≈≈≈≈≈≈≈≈≈.
........K..†.....†...)...P..
#####..##.##......#..#####..
##. #.........#.## #..
......#.####o......#.# #..
........#># #@........# ###
........#.## #h......### #
..........#.. .........# #####
...........#####......# #....
..........#######.#.#######.###
. #...#...>.#......##......###
#. #.†................##......
#.##.................##.......
#..<.................#........


You could see a kobold brigand, an orc priest and a jackal.

Vanquished Creatures
  2 howler monkeys (D:3)
  A hound (D:3)
  5 adders
  2 gnolls (D:2)
  4 orcs
  6 ball pythons
  4 endoplasms
  2 giant cockroaches
  4 goblins
  5 hobgoblins
  6 jackals
  4 kobolds
  3 bats
  5 frilled lizards
  7 rats
60 creatures vanquished.

Vanquished Creatures (others)
  A fungus (D:3)
  3 plants (D:3)
4 creatures vanquished.

Grand Total: 64 creatures vanquished

Notes
Turn   | Place    | Note
-------+----------+-------------------------------------------
     0 | D:1      | Thatpatchoflichen the Draconian Ice Elementalist began the
                  | quest for the Orb.
     0 | D:1      | Reached XP level 1. HP: 14/14 MP: 3/3
   517 | D:1      | Reached XP level 2. HP: 20/20 MP: 3/5
  1557 | D:2      | Found Yhul's Jewellery Shoppe.
  1889 | D:2      | Reached XP level 3. HP: 26/26 MP: 3/6
  2550 | D:3      | Learned a level 3 spell: Frozen Ramparts
  2602 | D:3      | Reached XP level 4. HP: 30/33 MP: 3/7
  2899 | D:3      | Reached skill level 5 in Ice Magic
  2917 | D:3      | Learned a level 3 spell: Ozocubu's Armour
  3006 | D:3      | Reached skill level 1 in Fighting
  3007 | D:3      | Reached XP level 5. HP: 33/40 MP: 1/8
  3380 | D:3      | Killed from afar by an orc priest

Illustrated notes

Levels and vault maps discovered:
D:1:      dpeg_arrival_stonehenge_12_columns, layout_basic
D:2:      layout_basic, serial_shops, nicolae_lakefront_shop,
          chequers_serial_rivers_micro_b, minmay_crystal_room, minmay_puff
D:3:      lemuel_castle_with_subvaults [lemuel_castle_interior_carwin_2],
          layout_rooms, shapermc_ecumenical_altar_pompeii, grunt_ministairs_15

Skill      XL: |  1  2  3  4 |
---------------+-------------+-----
Dodging        | 2 3 |  3.4
Ice Magic      | 5 |  5.5
Fighting       | 1 |  1.7
Stealth        | |  1.7
Spellcasting   | |  2.5

Action                   |  1- 3 |  4- 6 || total
-------------------------+-------+-------++-------
Melee: Unarmed           |    47 |       ||    47
       Tailslap          |     6 |     6 ||    12
       Club              |     4 |    46 ||    50
       Flail             |       |     2 ||     2
 Cast: Freeze            |    54 |    21 ||    75
       Frozen Ramparts   |       |     4 ||     4
       Ozocubu's Armour  |       |     2 ||     2
 Stab: Sleeping          |     2 |       ||     2
Armor: Skin              |    37 |    29 ||    66
Dodge: Dodged            |    71 |    67 ||   138
